 Dungeon Crawl Stone Soup version 0.25.0-10-g039870ee82 (webtiles) character file.

Game seed: 13852149082702836518

40698 dengdeng the Fencer (level 13, 0/116 HPs)
             Began as a Minotaur Berserker on June 23, 2020.
             Was the Champion of Trog.
             Slain by a cyan ugly thing (4 damage)
             ... on level 15 of the Dungeon.
             The game lasted 00:53:17 (19269 turns).

dengdeng the Fencer (Minotaur Berserker)           Turns: 19269, Time: 00:53:17

Health: 0/116      AC: 23    Str: 32    XL:     13   Next: 76%
Magic:  12/12      EV: 13    Int:  4    God:    Trog [******]
Gold:   886        SH:  0    Dex: 18    Spells: 12/12 levels left

rFire    + . .     SeeInvis .   o - +10 great sword "Nireis" {elec, Str+7}
rCold    + . .     Gourm    .   (shield currently unavailable)
rNeg     . . .     Faith    .   E - +0 gold dragon scales
rPois    +         Spirit   .   (helmet restricted)
rElec    .         Reflect  .   I - +0 cloak (curse)
rCorr    .         Harm     .   J - +0 pair of gloves
MR       .....                  Q - +0 pair of boots
Stlth    ..........             (no amulet)
HPRegen  0.29/turn              N - +4 ring of evasion
MPRegen  0.13/turn              L - +6 ring of dexterity

@: lethally poisoned (0 -> -3), slowed, very slow
A: retaliatory headbutt, horns 2
a: Berserk, Trog's Hand, Brothers in Arms, Renounce Religion


You were on level 15 of the Dungeon.
You worshipped Trog.
Trog was exalted by your worship.
You were not hungry.

You visited 2 branches of the dungeon, and saw 16 of its levels.

You collected 886 gold pieces.

Inventory:

Hand Weapons
 o - the +10 great sword "Nireis" (weapon) {elec, Str+7}
   (You found it on level 8 of the Dungeon)

   Occasionally, upon striking a foe, it will discharge some electrical energy
   and cause terrible harm.
   It affects your strength (+7).
 U - the +11 mace "Qeawk" {drain, Int+4 Dex+3 SInv Stlth+}
   (You found it on level 13 of the Dungeon)

   A truly terrible weapon, it drains the life of those it strikes.
   It affects your intelligence (+4).
   It affects your dexterity (+3).
   It lets you see invisible.
   It makes you more stealthy.
Missiles
 k - 497 stones
 A - 4 boomerangs (quivered)
Armour
 s - a +1 plate armour of fire resistance
 w - a +2 plate armour of cold resistance
 E - +0 gold dragon scales (worn)
 I - a cursed +0 cloak (worn)
 J - a +0 pair of gloves (worn)
 Q - a +0 pair of boots (worn)
Jewellery
 L - a +6 ring of dexterity (right hand)
 N - a +4 ring of evasion (left hand)
Wands
 t - a wand of clouds (4)
 C - a wand of acid (5)
 G - a wand of disintegration (52)
 M - a wand of flame (16)
 T - a wand of iceblast (11)
Scrolls
 a - a scroll of teleportation {unknown}
 d - a scroll of fear
 h - 4 scrolls of magic mapping
 q - a scroll of enchant weapon
 x - 4 scrolls of amnesia
 y - 4 scrolls of remove curse {unknown}
 z - 4 scrolls of enchant armour
 B - a scroll of blinking
 O - 4 scrolls of identify
Potions
 b - a potion of berserk rage {unknown}
 e - a potion of mutation {unknown}
 f - 3 potions of ambrosia {unknown}
 g - 5 potions of heal wounds
 i - 7 potions of lignification {unknown}
 j - 3 potions of brilliance {unknown}
 l - 2 potions of degeneration {unknown}
 m - 5 potions of flight {unknown}
 n - a potion of invisibility {unknown}
 p - 2 potions of haste
 r - 8 potions of curing {unknown}
 u - 2 potions of might {unknown}
 v - 2 potions of stabbing {unknown}
 F - a potion of magic {unknown}
 R - a potion of resistance {unknown}
Comestibles
 c - 21 rations


   Skills:
 + Level 11.0 Fighting
 * Level 17.4 Long Blades
   Level 6.2(9.8) Axes
 + Level 10.2(10.9) Maces & Flails
   Level 5.6(6.9) Polearms
 + Level 3.5 Throwing
 + Level 13.1 Armour
 + Level 4.1 Dodging
 + Level 1.0 Stealth


You had 12 spell levels left.
You didn't know any spells.
Your spell library contained the following spells:

 Spells                   Type           Power        Failure   Level  Hunger
 Shock                    Conj/Air       #...         100%        1    ##.....
 Swiftness                Chrm/Air       #.......     100%        2    ###....
 Static Discharge         Conj/Air       #.......     100%        3    ####...
 Airstrike                Air            #.........   100%        4    #####..
 Lightning Bolt           Conj/Air       #.........   100%        5    ######.


Dungeon Overview and Level Annotations

Branches:
Dungeon (15/15)            Temple (0/1) D:4            Lair (0/6) D:8
    Orc (1/2) D:9          Vaults (0/5) D:14
 Depths: D:15

Altars:
Gozag
Kikubaaqudgha
Makhleb
Nemelex Xobeh
Ru
Trog
Uskayaw
Yredelemnul

Shops:
D:4 [   D:6 =   D:7 !   D:9 *   D:13 (

Annotations:
D:8 1 runed translucent door
D:12 3 runed translucent doors, semitonal's ghost, journeyman CeEE


Innate Abilities, Weirdness & Mutations

You reflexively headbutt those who attack you in melee.
You have a pair of horns on your head.


Message History

Your Fighting skill increases to level 11!
You feel sick. Something hits you.
* * * LOW HITPOINT WARNING * * *
Something hits you but does no damage.
The guardian serpent coils itself and waves its upper body at you.
You resist with some effort.
The cyan ugly thing claws you but does no damage.
The guardian serpent casts a spell at you.
You feel yourself slow down.
* * * LOW HITPOINT WARNING * * *
You feel sick.
Something hits you but does no damage. x2
The guardian serpent weaves intricate patterns with the tip of its tongue.
The green ugly thing blinks!
The deep elf mage blinks!
The cyan ugly thing claws you but does no damage.
The deep elf mage hits you but does no damage.
The earth elemental hits you but does no damage.
The green ugly thing barely misses you.
The guardian serpent gestures with its tail.
The cyan ugly thing claws you.
You die...

.......<.# .......
#..######..# .......
#..# #..# ..e....
#..# #..# .......
#..# #..# .......
#..# #..# .......
#..# #..#
.......###..######..#
.......§.§....S{@u#.#
######.......§SuEe#.#
#.############.# .#.
#.# ...#. #.# ####S
#... .. #### ..


You could see 2 ugly things, an earth elemental (summoned), 2 guardian serpents
and a deep elf mage.

Vanquished Creatures
  Azrael (D:14)
  A fire dragon (D:12)
  4 hydras
  A queen ant (D:9)
  3 tengu warriors
  5 two-headed ogres
  4 skeletal warriors (D:13)
  A flayed ghost (D:14)
  A wizard (D:14)
  A harpy (shapeshifter) (D:13)
  An orc knight (D:14)
  A manticore (D:12)
  A deep elf mage (D:13)
  6 ugly things
  3 cyclopes
  A gargoyle (D:12)
  Maggie (D:9)
  A komodo dragon (D:8)
  A redback zombie (D:14)
  A tengu conjurer (D:14)
  4 red devils (D:12)
  5 trolls
  A polar bear (shapeshifter) (D:14)
  2 hornets
  6 hippogriffs
  6 slime creatures (D:12)
  A spriggan (D:7)
  A shadow (D:12)
  2 wyverns
  5 wraiths
  Sigmund (D:4)
  A vampire (D:13)
  5 fire elementals (D:14)
  12 yaks
  A steam dragon (D:11)
  2 hungry ghosts (D:12)
  5 vampire mosquitoes (D:12)
  Edmund (D:4)
  An acid dragon (D:14)
  7 soldier ants (D:9)
  2 hell hounds (D:14)
  3 ice beasts
  7 orc warriors
  A meliai simulacrum (D:14)
  5 sky beasts
  2 black bears
  An eye of draining (shapeshifter) (D:12)
  7 ogres
  4 phantoms
  10 centaurs
  4 eyes of draining
  A big kobold (D:10)
  A crocodile (D:14)
  A gnoll sergeant (D:8)
  8 bullfrogs
  A wyvern zombie (D:14)
  2 scorpions
  23 killer bees
  9 wights
  5 electric eels (D:9)
  2 howler monkeys
  2 crimson imps
  A quasit (D:5)
  7 orc priests
  9 hounds
  5 jellies
  8 centaur skeletons
  13 orc wizards
  5 bullfrog skeletons
  A gnoll shaman (D:6)
  Jessica (D:3)
  3 iguanas
  34 worker ants
  A killer bee zombie (D:5)
  2 hound skeletons
  A worker ant zombie (D:7)
  20 gnolls
  9 adders
  3 shadow imps
  3 adder skeletons
  3 worms (D:3)
  2 dart slugs (D:2)
  2 leopard geckos
  50 orcs
  A ball python (D:5)
  3 bat zombies (D:4)
  8 giant cockroaches
  7 goblins
  6 hobgoblins
  13 jackals
  4 quokkas
  6 bats
  4 frilled lizards
  9 kobolds
  2 leopard gecko skeletons
  6 rats
  A rat zombie (D:4)
  A spectral orc (D:4)
463 creatures vanquished.

Vanquished Creatures (others)
  4 plants
4 creatures vanquished.

Grand Total: 467 creatures vanquished

Notes
Turn   | Place    | Note
-------+----------+-------------------------------------------
     0 | D:1      | dengdeng the Minotaur Berserker began the quest for the
                  | Orb.
     0 | D:1      | Reached XP level 1. HP: 19/19 MP: 0/0
   309 | D:1      | Reached XP level 2. HP: 27/27 MP: 1/1
   469 | D:1      | You fall into a shaft and drop 1 floor!
   469 | D:2      | Found a hide-covered altar of Uskayaw.
   470 | D:2      | Noticed a +0 hand axe
   470 | D:2      | Noticed a +0 dagger
   554 | D:2      | Found an opulent altar of Gozag.
  1296 | D:2      | Reached ** piety under Trog
  1296 | D:2      | Reached XP level 3. HP: 28/33 MP: 2/2
  1821 | D:2      | Found a sacrificial altar of Ru.
  1924 | D:3      | Found a burning altar of Makhleb.
  2152 | D:3      | Reached XP level 4. HP: 11/41 MP: 3/3
  2498 | D:3      | Reached skill level 5 in Axes
  2612 | D:3      | Noticed Jessica
  2617 | D:3      | Killed Jessica
  2617 | D:3      | Reached XP level 5. HP: 47/47 MP: 4/4
  3030 | D:4      | Noticed Sigmund
  3043 | D:4      | Killed Sigmund
  3043 | D:4      | Reached skill level 1 in Polearms
  3043 | D:4      | Reached XP level 6. HP: 19/55 MP: 5/5
  3283 | D:4      | Noticed Edmund
  3300 | D:4      | Killed Edmund
  3300 | D:4      | Reached skill level 5 in Fighting
  3300 | D:4      | Reached skill level 5 in Armour
  3509 | D:4      | Found a basalt altar of Yredelemnul.
  3562 | D:4      | Got a smoking ring mail
  3591 | D:4      | Reached XP level 7. HP: 60/61 MP: 6/6
  3652 | D:4      | Reached *** piety under Trog
  3653 | D:4      | Found an ancient bone altar of Kikubaaqudgha.
  3705 | D:4      | Found a staircase to the Ecumenical Temple.
  3713 | D:4      | Found a sparkling altar of Nemelex Xobeh.
  3762 | D:4      | Reached skill level 1 in Maces & Flails
  4124 | D:4      | Found Zasch's Armour Boutique.
  4396 | D:5      | Entered Level 5 of the Dungeon
  5076 | D:5      | Reached **** piety under Trog
  5156 | D:5      | Found a bloodstained altar of Trog.
  5307 | D:6      | Reached skill level 5 in Maces & Flails
  5307 | D:6      | Reached XP level 8. HP: 67/70 MP: 7/7
  6265 | D:6      | Found Miboehoh's Jewellery Boutique.
  6641 | D:7      | Reached XP level 9. HP: 69/77 MP: 8/8
  7517 | D:7      | Found Uzxidiom's Distillery.
  7894 | D:8      | Noticed a two-headed ogre
  7903 | D:8      | Killed a two-headed ogre
  8014 | D:8      | Reached skill level 1 in Throwing
  8113 | D:8      | Found a runed translucent door.
  8113 | D:8      | Noticed a seven-headed hydra
  8115 | D:8      | Noticed an orc knight
  8115 | D:8      | Noticed a queen bee
  8115 | D:8      | Noticed a centaur warrior
  8115 | D:8      | Noticed an orc knight
  8115 | D:8      | Noticed a deep elf mage
  8285 | D:8      | Reached skill level 10 in Armour
  8420 | D:8      | Found a staircase to the Lair.
  8420 | D:8      | Noticed a komodo dragon
  8442 | D:8      | Killed a komodo dragon
  8442 | D:8      | Reached skill level 1 in Stealth
  8442 | D:8      | Reached XP level 10. HP: 74/86 MP: 9/9
  8549 | D:8      | Reached ***** piety under Trog
  8772 | D:8      | Got a shimmering great sword
  8773 | D:8      | Identified the +10 great sword "Nireis" {elec, Str+7} (You
                  | found it on level 8 of the Dungeon)
  8829 | D:8      | Reached skill level 5 in Polearms
  8840 | D:8      | Found a bloodstained altar of Trog.
  9152 | D:9      | Reached skill level 1 in Long Blades
  9425 | D:9      | HP: 3/88 [electric eel/bolt of electricity (10)]
  9868 | D:9      | Reached skill level 2 in Long Blades
 10497 | D:9      | Noticed Maggie
 10511 | D:9      | Killed Maggie
 10511 | D:9      | Reached skill level 3 in Long Blades
 10518 | D:9      | Reached skill level 4 in Long Blades
 10710 | D:9      | Found Puneapripu's Assorted Antiques.
 10783 | D:9      | Found a staircase to the Orcish Mines.
 10833 | D:9      | Reached skill level 5 in Long Blades
 10982 | D:9      | Reached skill level 6 in Long Blades
 11123 | D:9      | Noticed a two-headed ogre
 11130 | D:9      | Killed a two-headed ogre
 11130 | D:9      | Reached skill level 7 in Long Blades
 11438 | D:9      | Reached XP level 11. HP: 94/94 MP: 10/10
 11449 | D:9      | Noticed a queen ant
 11467 | D:9      | Killed a queen ant
 11467 | D:9      | Received a gift from Trog
 11468 | D:9      | Reached skill level 8 in Long Blades
 11494 | D:9      | Reached skill level 9 in Long Blades
 11863 | D:9      | Identified the +1 ring mail of Patterns {Int+2 Stlth+} (You
                  | found it on level 4 of the Dungeon)
 12152 | Orc:1    | Entered Level 1 of the Orcish Mines
 12188 | D:10     | Entered Level 10 of the Dungeon
 12371 | D:10     | Reached skill level 10 in Long Blades
 12954 | D:10     | Reached skill level 11 in Long Blades
 13340 | D:11     | HP: 5/142 [orc warrior/+0 trident (6)]
 13768 | D:11     | Noticed a two-headed ogre
 13804 | D:11     | Killed a two-headed ogre
 13804 | D:11     | Reached skill level 12 in Long Blades
 14137 | D:11     | Noticed a five-headed hydra
 14142 | D:11     | Killed a five-headed hydra
 14142 | D:11     | Reached skill level 10 in Maces & Flails
 14168 | D:11     | Noticed a white ugly thing
 14176 | D:11     | Killed a white ugly thing
 14176 | D:11     | Reached ****** piety under Trog
 14391 | D:11     | Reached XP level 12. HP: 83/103 MP: 11/11
 14953 | D:12     | Noticed a two-headed ogre
 14959 | D:12     | Killed a two-headed ogre
 14959 | D:12     | Reached skill level 13 in Long Blades
 15178 | D:12     | Noticed a fire dragon
 15186 | D:12     | Killed a fire dragon
 15485 | D:12     | Found a runed translucent gate.
 15485 | D:12     | Found a runed translucent gate.
 15594 | D:12     | Noticed a tengu warrior
 15605 | D:12     | Killed a tengu warrior
 15605 | D:12     | Received a gift from Trog
 15682 | D:12     | Noticed a four-headed hydra
 15690 | D:12     | Killed a four-headed hydra
 15690 | D:12     | Reached skill level 14 in Long Blades
 16331 | D:12     | Noticed semitonal's ghost (journeyman CeEE)
 16335 | D:12     | Found a runed translucent gate.
 16369 | D:12     | Noticed a four-headed hydra
 16380 | D:12     | Killed a four-headed hydra
 16536 | D:12     | Reached skill level 15 in Long Blades
 16542 | D:12     | Reached skill level 10 in Fighting
 17052 | D:13     | Reached XP level 13. HP: 113/113 MP: 12/12
 17096 | D:13     | Got a crude mace
 17097 | D:13     | Identified the +11 mace "Qeawk" {drain, Int+4 Dex+3 SInv
                  | Stlth+} (You found it on level 13 of the Dungeon)
 17135 | D:13     | Found Rucarop's Weapon Shoppe.
 17696 | D:13     | Reached skill level 16 in Long Blades
 18472 | D:14     | Found a gate to the Vaults.
 18473 | D:14     | Noticed Azrael
 18484 | D:14     | Received a gift from Trog
 18491 | D:14     | Killed Azrael
 18491 | D:14     | Reached skill level 17 in Long Blades
 19225 | D:15     | Entered Level 15 of the Dungeon
 19268 | D:15     | HP: 5/116 [something (5)]
 19269 | D:15     | Slain by a cyan ugly thing

Illustrated notes

Levels and vault maps discovered:
D:1:      minmay_arrival_four_loops, layout_basic, serial_bayou_pond_a
D:2:      layout_loops_corners, dancing_weapons_uskayaw,
          nicolae_gozag_seed_capital, first_ration,
          nicolae_ru_the_path_less_chosen
D:3:      layout_basic, lemuel_doored_altar, uniq_jessica
D:4:      layout_basic, nemelex_xobeh_ov_fountains_minmay,
          yredelemnul_forgotten_temple_becter,
          lemuel_zombie_altar_kikubaaqudgha, minmay_temple_entry_mini_moons,
          serial_shops, nicolae_shop_behind_doors, uniq_edmund, uniq_sigmund
D:5:      layout_loops_cross, kennysheep_mini, eino_curves_01,
          serial_bayou_lagoon_a
D:6:      layout_basic, serial_shops, nicolae_shop_behind_doors,
          supply_closet_lemuel
D:7:      layout_cave_pods, serial_shops,
          nicolae_shop_temple_entry_statues_fountains, the_bakery,
          hangedman_decor_clover_reticule
D:8:      minmay_gate_of_8, layout_loops_ring, david_lair_shrubbed, basic_altar,
          minmay_holes
D:9:      layout_basic, orc_0_dummy, serial_shops,
          nicolae_shop_overgrown_old_shop, zaba_antful_of_joy, uniq_maggie
D:10:     layout_basic, minmay_door_square
D:11:     layout_small_grid
D:12:     minmay_dotted_concentric_squares, layout_stronghold,
          gammafunk_ghost_split, einodemon_armed_red_devil_minivault
D:13:     layout_loops_ring, serial_shops, shop, skrybe_limestone_x
D:14:     layout_big_octagon, kennysheep_decorative_pillar,
          kennysheep_small_spiral, uniq_azrael
D:15:     grunt_enter_depths_hoard, layout_small_grid, serial_co_window_serial,
          co_window_paths_a, co_window_of_opportunity_a, co_window_corner_a,
          co_window_of_opportunity_a, co_window_of_opportunity_a,
          co_window_unsneaky_path_b, co_window_corner_b, co_window_broadway_c,
          co_window_corner_b, co_window_broadway_a, co_window_broadway_a,
          co_window_corner_ca, glass_columns_b, glass_columns_c,
          glass_columns_a, glass_columns_a, nrook_guardian_serpent_double,
          uniq_roxanne
Orc:1:    layout_diamond_mine, basic_altar

Skill      XL: |  1  2  3  4  5  6  7  8  9 10 11 12 13 |
---------------+----------------------------------------+-----
Axes           | 4 5 6 |  6.2
Fighting       | 4 5 6 7 8 10 11 | 11.0
Armour         | 3 4 5 6 7 10 11 12 13 | 13.1
Polearms       | 1 2 3 5 |  5.6
Maces & Flails | 5 8 9 10 | 10.2
Dodging        | 3 4 |  4.1
Throwing       | 1 2 3 |  3.5
Stealth        | 1 |  1.0
Long Blades    | 7 12 15 17 | 17.4

Action                   |  1- 3 |  4- 6 |  7- 9 | 10-12 | 13-15 || total
-------------------------+-------+-------+-------+-------+-------++-------
Melee: Hand axe          |    82 |       |       |       |       ||    82
       Headbutt          |     7 |     9 |    32 |   142 |    49 ||   239
       Trident           |       |    56 |    42 |    57 |       ||   155
       Dire flail        |       |    13 |   235 |    15 |       ||   263
       Great sword       |       |       |       |   385 |   127 ||   512
       Mace              |       |       |       |       |     5 ||     5
Throw: Stone             |     1 |       |    20 |    57 |       ||    78
       Boomerang         |       |       |       |     4 |    15 ||    19
Invok: Berserk           |       |     1 |     2 |     2 |     1 ||     6
  Use: Scroll            |       |       |     1 |    14 |     2 ||    17
       Potion            |       |       |       |     1 |       ||     1
  Eat: Chunk             |     4 |     5 |    14 |    25 |     5 ||    53
       Ration            |       |       |     1 |     2 |     1 ||     4
Armor: Animal skin       |     3 |       |       |       |       ||     3
       Chain mail        |    25 |    36 |   214 |    19 |       ||   294
       Plate armour      |       |       |       |   172 |       ||   172
       Gold dragon scale |       |       |       |   128 |   123 ||   251
Dodge: Dodged            |    54 |    27 |   164 |   315 |    87 ||   647
       Rpst.: Great sword |       |       |       |    59 |    13 ||    72
